AoeStats
← SantooKhan

Arabia

509876821Analyzed
1v1 RM · 4d ago on Sep 28, 2026· 23m 7s· 2 players
Game mode
Random Map
Map size
Tiny (2 player)
Population
200
Speed
Normal
Resources
Standard
Victory
Conquest
Starting age
Dark Age
Ending age
Imperial Age
RankedLock teamsTeams togetherTeam positionsShared explorationLock speedFull tech treeHidden civsTurbo modeCheats
Victory
Defeat
🇺🇾 Mongols · Uruguay
1132
+15
🇩🇪 Danes · Germany
1108
-15
Godking Markus
9:08 Loom
11:18 Feudal Age
11:33 Man-at-Arms
12:49 Arson
14:17 Double-Bit Axe
19:41 Castle Age
22:30 Elite Skirmisher
SantooKhan
10:26 Feudal Age
8:43 Loom
10:31 Feudal Age
16:48 Castle Age
14:42 Fletching
14:53 Padded Archer Armor
14:42 Double-Bit Axe
14:41 Horse Collar
17:38 Bodkin Arrow
Connection lost

Rejoining the realm…

Still unreachable

The connection could not be restored.

Session expired

The server has moved on; the page needs a fresh start.